AoeStats
← Panoutx

Arabia

505491140Analyzed
2v2 RM · 22d ago on Sep 9, 2026· 42m 5s· 4 players
Game mode
Random Map
Map size
Medium (4 player)
Population
200
Speed
Normal
Resources
Standard
Victory
Conquest
Starting age
Dark Age
Ending age
Imperial Age
RankedLock teamsTeams togetherTeam positionsShared explorationLock speedFull tech treeHidden civsTurbo modeCheats
Victory
Defeat
🇨🇿 Bulgarians · Czechia
1169
+19
🇨🇿 Saracens · Czechia
1169
+19
🇪🇸 Wu · Spain
1243
-19
🇪🇸 Wei · Spain
1243
-19
jmunozi
6:30 Loom
8:56 Feudal Age
8:58 Man-at-Arms
9:36 Double-Bit Axe
19:48 Castle Age
18:07 Scale Mail Armor
18:06 Arson
19:00 Forging
19:41 Gold Mining
19:53 Pikeman
20:33 Squires
25:22 Bow Saw
27:28 Horse Collar
28:47 Heavy Plow
29:04 Padded Archer Armor
29:56 Chain Mail Armor
30:16 Iron Casting
30:52 Wheelbarrow
30:03 Town Watch
37:37 Imperial Age
35:17 Fletching
35:57 Bodkin Arrow
36:02 Padded Archer Armor
35:53 Crossbowman
38:00 Arbalester
40:25 Ballistics
41:05 Chemistry
40:36 Bracer
40:51 Leather Archer Armor
41:21 Hand Cart
Panoutx
6:36 Loom
9:15 Feudal Age
22:38 Castle Age
21:07 Double-Bit Axe
23:23 Town Watch
23:36 Fletching
28:46 Bodkin Arrow
29:38 Padded Archer Armor
31:10 Gold Mining
32:02 Horse Collar
34:16 Stone Mining
36:27 Leather Archer Armor
37:30 Bloodlines
38:18 Forging
40:11 Wheelbarrow
40:16 Ballistics
9YearsOld
8:26 Loom
10:53 Feudal Age
16:02 Castle Age
20:27 Double-Bit Axe
20:24 Horse Collar
20:52 Scale Barding Armor
20:57 Forging
25:33 Forging
27:19 Town Watch
28:04 Fletching
32:26 Chain Barding Armor
33:16 Bloodlines
39:10 Iron Casting
42:13 Imperial Age
40:20 Wheelbarrow
39:42 Light Cavalry
40:25 Husbandry
42:21 Gold Mining
42:47 Bow Saw
Skarbor
8:23 Loom
11:09 Feudal Age
12:12 Arson
12:55 Forging
14:24 Scale Mail Armor
16:48 Double-Bit Axe
16:45 Horse Collar
22:37 Castle Age
23:52 Chain Mail Armor
24:08 Squires
25:29 Bow Saw
25:21 Heavy Plow
25:22 Gambesons
29:25 Padded Archer Armor
29:16 Fletching
30:02 Iron Casting
29:06 Elite Skirmisher
29:52 Thumb Ring
30:56 Bodkin Arrow
32:03 Leather Archer Armor
33:18 Wheelbarrow
32:12 Pikeman
37:15 Imperial Age
36:21 Hand Cart
38:18 Halberdier
39:42 Ballistics
39:56 Bracer
Connection lost

Rejoining the realm…

Still unreachable

The connection could not be restored.

Session expired

The server has moved on; the page needs a fresh start.